 Dungeon Crawl Stone Soup version 0.26-a0-317-ge2f3d4a7ca (webtiles) character file.

Game seed: 467159343036050729

(classic levelgen) 39376735 EnegeticOcto the Middleweight Champion (level 27, 271/271 HPs)
             Began as a Ghoul Skald on July 16, 2020.
             Was the Champion of Wu Jian.
             Escaped with the Orb
             ... and 15 runes!
             The game lasted 04:55:41 (37068 turns).

EnegeticOcto the Middleweight Champion (GhSk)      Turns: 37068, Time: 04:55:42

Health: 271/271    AC: 51    Str: 24    XL:     27
Magic:  36/36      EV: 12    Int: 35    God:    Wu Jian [******]
Gold:   3839       SH: 32    Dex:  8    Spells: 34/46 levels left

rFire    + + +     SeeInvis .     - Unarmed
rCold    + . .     Faith    .   Z - +8 tower shield {AC+3}
rNeg     + + +     Spirit   .   H - +8 orange crystal plate armour {Archmagi, Int+3 Clar}
rPois    ∞         Reflect  .   y - +2 helmet {Int+3}
rElec    +         Harm     .   S - +1 cloak of the Bull {rElec rPois Int+6}
rCorr    .         Clarity  +   t - +2 pair of gloves of Negligence {Str+5}
MR       +++..                  J - +2 pair of boots {Fly}
Stlth    ..........             e - amulet of regeneration
HPRegen  0.95/turn              W - ring "Umafinir" {rF++ EV+4 Int+2}
MPRegen  0.25/turn              G - ring of Equivalence {rF+ rN+ MR+ Int+4}

@: no status effects
A: rotting body, claws 1, cold resistance 1, negative energy resistance 3,
inhibited regeneration, torment resistance, unbreathing
0: Orb of Zot
}: 15/15 runes: serpentine, barnacled, slimy, silver, golden, iron, obsidian,
icy, bone, abyssal, demonic, glowing, magical, fiery, dark
a: Wall Jump, Serpent's Lash, Heavenly Storm, Renounce Religion, Evoke Flight


You escaped.
You worshipped Wu Jian.
Wu Jian was exalted by your worship.
You visited 17 branches of the dungeon, and saw 86 of its levels.
You visited Pandemonium 1 time, and saw 19 of its levels.
You visited the Abyss 1 time.
You visited 1 ziggurat, and saw 9 of its levels.
You also visited: Sewer, Ice Cave and Desolation.

You collected 7793 gold pieces.
You spent 3954 gold pieces at shops.

Inventory:

Hand Weapons
 o - the +4 staff of Dispater
   (You took it off Dispater on level 7 of the Iron City of Dis)
Missiles
 k - 19 javelins
 B - 8 throwing nets {!f}
 R - 39 silver javelins (quivered)
Armour
 f - the +5 chain mail of Ujamuyw {rC+ Regen+ Dex+4}
   (You bought it in a shop on level 2 of the Snake Pit)

   It affects your dexterity (+4).
   It protects you from cold.
   It increases your rate of regeneration.
 t - the +2 pair of gloves of Negligence (worn) {Str+5}
   (You found it in an ice cave)

   It affects your strength (+5).
 y - a +2 helmet of intelligence (worn)
 H - the +8 orange crystal plate armour (worn) {Archmagi, Int+3 Clar}
   (You found it on level 5 of the Vaults)

   It affects your intelligence (+3).
   It protects you against confusion.
 J - a +2 pair of boots of flying (worn)
 M - the +10 tower shield of Ignorance {rN+ Int-4}
   (You found it on level 2 of the Orcish Mines)

   It affects your intelligence (-4).
   It protects you from negative energy.
 S - the +1 cloak of the Bull (worn) {rElec rPois Int+6}
   (You found it on level 5 of the Pits of Slime)

   It affects your intelligence (+6).
   It insulates you from electricity.
   It protects you from poison.
 Z - a +8 tower shield of protection (worn)
Jewellery
 c - an uncursed ring of see invisible
 d - the ring of Tocakhlo {rF+ rC+ Str+6}
   (You found it in the Desolation of Salt)

   [ring of strength]

   It affects your strength (+6).
   It protects you from fire.
   It protects you from cold.
 e - an amulet of regeneration (around neck)
 h - the ring of Qeuxt {AC+4 Int+3}
   (You found it in the Desolation of Salt)

   [ring of protection]

   It affects your AC (+4).
   It affects your intelligence (+3).
 G - the ring of Equivalence (right hand) {rF+ rN+ MR+ Int+4}
   (You found it on level 7 of Gehenna)

   [ring of protection from fire]

   It affects your intelligence (+4).
   It protects you from fire.
   It protects you from negative energy.
   It affects your resistance to hostile enchantments.
 W - the ring "Umafinir" (left hand) {rF++ EV+4 Int+2}
   (You found it in the Desolation of Salt)

   [ring of evasion]

   It affects your evasion (+4).
   It affects your intelligence (+2).
   It greatly protects you from fire.
Wands
 g - a wand of polymorph (48)
 p - a wand of enslavement (10)
 q - a wand of disintegration (7)
 w - a wand of clouds (4)
 E - a wand of acid (25) {@v1}
 L - a wand of digging (5) {@v3}
 O - a wand of paralysis (9)
 V - a wand of iceblast (21) {@v2}
Scrolls
 j - a scroll of immolation
 l - 2 scrolls of torment
 m - 3 scrolls of fear {!r}
 s - 4 scrolls of blinking {@r4}
 u - 5 scrolls of holy word
 v - 9 scrolls of teleportation {@r3 !r}
 C - 9 scrolls of identify {@r1}
 D - 4 scrolls of vulnerability
 X - 8 scrolls of fog {!r}
Potions
 i - 15 potions of curing {@q1 !q}
 n - 8 potions of resistance
 r - 3 potions of might {@q3 !q}
 z - 6 potions of invisibility
 P - 2 potions of ambrosia
 T - a potion of magic
 U - 3 potions of cancellation
 Y - 4 potions of heal wounds {@q2 !q}
Books
 b - a manual of Unarmed Combat
Miscellaneous
 a - a phial of floods
 x - a phantom mirror
 A - a tin of tremorstones (3/3)
 F - the horn of Geryon
 K - a figurine of a ziggurat
 N - a box of beasts


   Skills:
 + Level 26.7 Fighting
 + Level 19.2 Throwing
 + Level 19.0 Armour
 - Level 8.0 Dodging
 - Level 22.0 Shields
 O Level 27 Unarmed Combat
 - Level 10.0 Spellcasting
 - Level 2.6 Charms
 - Level 13.0 Translocations
 + Level 14.9 Evocations


You had 34 spell levels left.
You knew the following spells:

 Your Spells              Type           Power        Failure   Level
a - Apportation           Tloc           ######       1%          1
b - Animate Skeleton      Necr           ####..       56%         1
c - Song of Slaying       Chrm           ######..     34%         2
d - Passage of Golubria   Tloc           N/A          3%          4
p - Passwall              Tmut/Erth      ####....     71%         2
Y - Blink                 Tloc           N/A          1%          2

Your spell library contained the following spells:

 Spells                   Type           Power        Failure   Level
 Gell's Gravitas          Tloc           ########..   1%          3
 Shroud of Golubria       Chrm/Tloc      ######       4%          2
 Portal Projectile        Hex/Tloc       ######       14%         3
 Infusion                 Chrm           ####         22%         1
 Iskenderun's Mystic Bla  Conj/Tloc      #######.     43%         4
 Dispersal                Tloc           ########..   45%         6
 Swiftness                Chrm/Air       #####...     52%         2
 Corona                   Hex            ####...      56%         1
 Foxfire                  Conj/Fire      ####         56%         1
 Freeze                   Ice            ####         56%         1
 Magic Dart               Conj           ####         56%         1
 Pain                     Necr           ####         56%         1
 Shock                    Conj/Air       ####         56%         1
 Sting                    Tmut/Pois      ####         56%         1
 Summon Small Mammal      Summ           ####         56%         1
 Call Imp                 Summ           ####....     71%         2
 Corpse Rot               Necr/Air       N/A          71%         2
 Ensorcelled Hibernation  Hex/Ice        ####..       71%         2
 Poisonous Vapours        Pois/Air       ####..       71%         2
 Slow                     Hex            ####....     71%         2
 Sticks to Snakes         Tmut           ####....     71%         2
 Ozocubu's Armour         Chrm/Ice       #####...     75%         3
 Spectral Weapon          Hex/Chrm       #####...     75%         3
 Summon Forest            Summ/Tloc      #######...   78%         5
 Conjure Flame            Conj/Fire      ####....     90%         3
 Dazzling Flash           Conj/Hex       ####..       90%         3
 Ignite Poison            Fire/Tmut/Pois ####....     90%         3
 Inner Flame              Hex/Fire       ####....     90%         3
 Mephitic Cloud           Conj/Pois/Air  ####....     90%         3
 Static Discharge         Conj/Air       ####....     90%         3
 Stone Arrow              Conj/Erth      ####..       90%         3
 Tukima's Dance           Hex            ####....     90%         3
 Airstrike                Air            ####......   100%        4
 Animate Dead             Necr           ####......   100%        4
 Cause Fear               Hex            ####......   100%        4
 Dispel Undead            Necr           ####....     100%        4
 Hailstorm                Conj/Ice       ####....     100%        4
 Olgreb's Toxic Radiance  Pois           ####....     100%        4
 Petrify                  Tmut/Erth      ####....     100%        4
 Summon Lightning Spire   Summ/Air       ####....     100%        4
 Alistair's Intoxication  Tmut/Pois      ####....     100%        5
 Borgnjor's Vile Clutch   Necr/Erth      ####......   100%        5
 Fireball                 Conj/Fire      ####......   100%        5
 Irradiate                Conj/Tmut      ####......   100%        5
 Lee's Rapid Deconstruct  Erth           ####......   100%        5
 Lightning Bolt           Conj/Air       ####......   100%        5
 Metabolic Englaciation   Hex/Ice        ####......   100%        5
 Silence                  Hex/Air        ####......   100%        5
 Summon Demon             Summ           ####......   100%        5
 Summon Mana Viper        Hex/Summ       ####....     100%        5
 Yara's Violent Unravell  Hex/Tmut       ####......   100%        5
 Conjure Ball Lightning   Conj/Air       ####......   100%        6
 Darkness                 Hex            ####......   100%        6
 Death Channel            Necr           ####......   100%        6
 Eringya's Noxious Bog    Tmut/Pois      ####......   100%        6
 Freezing Cloud           Conj/Ice/Air   ####......   100%        6
 Invisibility             Hex            ####....     100%        6
 Ozocubu's Refrigeration  Ice            ####......   100%        6
 Shadow Creatures         Summ           N/A          100%        6
 Simulacrum               Ice/Necr       ####......   100%        6
 Malign Gateway           Summ/Tloc      #######...   100%        7
 Monstrous Menagerie      Summ           ####......   100%        7
 Ring of Flames           Chrm/Fire      #####.....   100%        7
 Summon Greater Demon     Summ           ####......   100%        7
 Summon Hydra             Summ           ####......   100%        7
 Chain Lightning          Conj/Air       ####......   100%        8
 Controlled Blink         Tloc           N/A          100%        8
 Discord                  Hex            ####......   100%        8
 Disjunction              Tloc           ########..   100%        8
 Ignition                 Fire           ####......   100%        8
 Lehudib's Crystal Spear  Conj/Erth      ####......   100%        8
 Summon Horrible Things   Summ           ####......   100%        8
 Absolute Zero            Ice            ####......   100%        9
 Fire Storm               Conj/Fire      ####......   100%        9
 Shatter                  Erth           ####......   100%        9
 Beastly Appendage        Tmut           Unusable     N/A         1
 Spider Form              Tmut/Pois      Unusable     N/A         3
 Ice Form                 Ice/Tmut       Unusable     N/A         4
 Blade Hands              Tmut           Unusable     N/A         5
 Hydra Form               Tmut           Unusable     N/A         6
 Statue Form              Tmut/Erth      Unusable     N/A         6
 Dragon Form              Tmut           Unusable     N/A         7
 Borgnjor's Revivificati  Necr           Unusable     N/A         8

Dungeon Overview and Level Annotations

Branches:
Dungeon (15/15)            Temple (1/1) D:4            Lair (6/6) D:11
 Shoals (4/4) Lair:3        Snake (4/4) Lair:4        Slime (5/5) Lair:5
    Orc (2/2) D:9             Elf (0/3) Orc:2        Vaults (5/5) D:13
  Crypt (3/3) Vaults:2       Tomb (3/3) Crypt:3      Depths (5/5) D:15
   Hell (visited)             Dis (7/7) Hell            Geh (7/7) Hell
    Coc (7/7) Hell            Tar (7/7) Hell            Zot (5/5) Depths:5
  Sewer (visited)           IceCv (visited)         Desolation (visited)

Altars:
Cheibriados
Elyvilon
Fedhas
Gozag
Kikubaaqudgha
Nemelex Xobeh
Sif Muna
Trog
Uskayaw
Vehumet
Wu Jian
Xom
Yredelemnul
Zin
The Shining One
Beogh
Jiyva

Shops:
D:6 }   Orc:1 ??   Orc:2 [([[   Shoals:2 [   Snake:1 !   Snake:2 [*
Vaults:3 }   Depths:1 *

Portals:
Hell: Depths:1 Depths:3
Pandemonium: Depths:3

Annotations:
D:2 1 runed translucent door, Crazy Yiuf
D:11 1 runed translucent door, ANON1729's ghost, journeyman DrCj
Lair:5 exclusion: 2 oklob plants
Lair:6 exclusion: oklob plant
Orc:2 1 runed translucent door
Tomb:2 Frederick
Coc:7 Antaeus; Serpent of Hell


Innate Abilities, Weirdness & Mutations

Your body is rotting away.
You thrive by killing the living.
You are immune to poison.
You have sharp fingernails.
Your flesh is cold resistant. (rC+)
You are immune to negative energy. (rN+++)
You do not regenerate when monsters are visible.
You are immune to unholy pain and torment.
You can survive without breathing.


Message History

There is a stone staircase leading up here.
You climb upwards.
There is a stone staircase leading down here.
There is a stone staircase leading up here.
You climb upwards.
There is a stone staircase leading down here.
You see here an arrow.
You see here an arrow.
A sixfirhy comes into view.
You block the sixfirhy's attack. x2
You hit the sixfirhy.
The sixfirhy is lightly wounded.
You block the sixfirhy's attack.
You pulverise the sixfirhy!!!!
You kill the sixfirhy!
The Council accepts your kill.
No target in view!
(D) Dungeon (T) Temple (L) Lair (A) Shoals (P) Snake Pit (M) Slime Pits (O) Orcish Mines (E) Elven Halls (V) Vaults (C) Crypt (W) Tomb (U) Depths (H) Hell (I) Dis (G) Gehenna (X) Cocytus (Y) Tartarus (Z) Zot
Where to? (Enter - D:1, ? - help)
There is a stone staircase leading up here.
You climb upwards.
There is a stone staircase leading down here.
There is a stone staircase leading up here.
You climb upwards.
There is a stone staircase leading down here.
There is a stone staircase leading up here.
You climb upwards.
There is a stone staircase leading down here.
A chaos spawn comes into view.
There is a stone staircase leading up here.
You climb upwards.
Level annotation: 1 runed translucent door, Crazy Yiuf
There is a stone staircase leading down here.
(D) Dungeon (T) Temple (L) Lair (A) Shoals (P) Snake Pit (M) Slime Pits (O) Orcish Mines (E) Elven Halls (V) Vaults (C) Crypt (W) Tomb (U) Depths (H) Hell (I) Dis (G) Gehenna (X) Cocytus (Y) Tartarus (Z) Zot
Where to? (Enter - D:1, ? - help)
You see here a whip.
You see here a rat skeleton.
There is a stone staircase leading up here.
You climb upwards.
There is a stone staircase leading down here.
There is an open door here.
An orange demon comes into view.
A sixfirhy comes into view.
The orange demon screeches!
You block the orange demon's attack. x2
Your orange crystal plate armour prevents you from hitting the orange demon.
The orange demon stings you but does no damage.
You block the orange demon's attack.
You pummel the orange demon!!
The orange demon is heavily wounded.
A cacodemon comes into view.
The cacodemon shouts!
You pound the orange demon into fine dust!!!
You kill the orange demon!
The Council accepts your kill. You block the cacodemon's attack. x2
There is an open door here.
You pummel the cacodemon!!
The cacodemon is moderately wounded.
You block the cacodemon's attack. x2
You closely miss the cacodemon.
The cacodemon is moderately wounded.
You hit the cacodemon.
The cacodemon is moderately wounded.
You block the cacodemon's attack. x2
You hit the cacodemon but do no damage.
The cacodemon is moderately wounded.
The cacodemon hits you but does no damage.
You block the cacodemon's attack.
You pummel the cacodemon!!
The cacodemon is heavily wounded.
You pound the cacodemon into fine dust!!!
The cacodemon is almost dead.
You block the cacodemon's attack. x2
You hit the cacodemon.
The cacodemon is almost dead.
You punch the cacodemon!
You kill the cacodemon!
The Council accepts your kill.
You punch the sixfirhy!
The sixfirhy is heavily wounded.
You barely miss the sixfirhy.
The sixfirhy is moderately wounded.
You miss the sixfirhy.
The sixfirhy is moderately wounded.
You pulverise the sixfirhy!!!
You kill the sixfirhy!
The Council accepts your kill.
You enter the shallow water.
Moving in this stuff is going to be slow.
There is a staircase leading out of the dungeon here.
You have escaped!

#....#################........
#...## ###.......### ##.......
##..## ##...........## ##......
#...# ##...)##'##....## #......
#...# #...####.####...# #......
#..####..##.......##..####.....
###..# #...#..≈≈≈≈≈..#...# #..>##
...>.# #..##.≈≈...≈≈.##..# #.###
.....# #..##.≈≈.@.≈≈.##..# #.#
.....# #..##.≈≈...≈≈.##..# #.#
.....# #...#..≈≈.≈≈..#...# #.#
.....####..##.......##..####.####
......# #...#########...# #......
......# ##....#####....## #.....#
......## ##...........## ##...#..
..[....## ###.......### ##....##.
........########.########....####


There were no monsters in sight!

Vanquished Creatures
  Cerebov (Pan)
  the Royal Jelly (Slime:5)
  Asmodeus (Geh:7)
  Ereshkigal (Tar:7)
  Gloorx Vloq (Pan)
  Mnoleg (Pan)
  Lom Lobon (Pan)
  Dispater (Dis:7)
  Mara (Vaults:3)
  9 orbs of fire
  9 ancient liches
  11 greater mummies
  2 shard shrikes (Coc:7)
  A Killer Klown (Zot:5)
  A curse toe (Zig:3)
  4 golden dragons
  Geryon (Hell)
  9 pandemonium lords
  5 bone dragons
  14 Tzitzimimeh
  3 electric golems
  7 liches
  15 Brimstone Fiends
  A doom hound (Tar:3)
  5 Hell Sentinels
  23 Orb Guardians
  11 Ice Fiends
  13 tentacled monstrosities
  7 titans
  14 acid blobs
  2 deep elf blademasters (Abyss:3)
  4 quicksilver dragons
  10 sphinxes
  16 Executioners
  3 death cobs
  6 shadow dragons
  13 ancient champions
  3 revenants
  Ilsuiw (Shoals:4)
  9 nagarajas
  9 storm dragons
  3 draconian monks
  11 azure jellies
  3 fire giants
  10 frost giants
  3 tengu reavers
  2 deep elf sorcerers (Abyss:3)
  Aizul (Vaults:4)
  4 draconian scorchers
  10 vault wardens
  2 imperial myrmidons (Desolation)
  11 cacodemons
  2 iron dragons
  4 draconian knights
  2 draconian shifters
  2 curse skulls (Pan)
  4 warmongers (Pan)
  31 reapers
  5 corrupters (Pan)
  10 ironheart preservers
  3 draconian stormcallers
  17 balrugs (Pan)
  4 draconian annihilators
  8 very ugly things
  9 war gargoyles
  8 green draconians
  5 blood saints (Pan)
  10 bennus (Tomb:3)
  An entropy weaver (shapeshifter) (Vaults:5)
  15 stone giants
  2 black suns (Pan)
  8 vampire knights
  Nessos (Lair:6)
  2 deep elf demonologists (Vaults:5)
  4 lorocyprocas
  6 red draconians
  A halazid warlock (Desolation)
  A minotaur (Pan)
  9 black draconians
  6 yellow draconians
  3 deep elf annihilators
  5 purple draconians
  2 dire elephants (Abyss:3)
  4 white draconians
  An eidolon (Vaults:2)
  17 mummy priests
  12 blizzard demons
  12 ettins
  3 merfolk javelineers (Shoals:4)
  7 crystal guardians
  6 green deaths (Pan)
  5 fire dragons
  10 merfolk impalers
  2 deep elf death magi (Vaults:5)
  4 deep elf high priests (Vaults:5)
  11 large abominations
  9 great orbs of eyes
  4 ragged hierophants (Desolation)
  2 jiangshi (Crypt:1)
  9 yaktaur captains
  15 naga warriors
  4 catoblepae
  12 ice dragons
  6 servants of whispers (Desolation)
  Harold (D:7)
  6 hydras
  A quicksilver dragon skeleton (Tar:7)
  12 peacekeepers (Desolation)
  6 monstrous demonspawn
  2 hell beasts
  5 centaur warriors
  2 ghost crabs (Zig:3)
  A shambling mangrove (Abyss:3)
  7 rakshasas
  26 vault guards
  2 merfolk aquamancers
  9 anacondas
  An alligator snapping turtle (Shoals:4)
  7 deep troll shamans
  11 death scarabs
  6 deep troll earth magi
  6 ogre magi
  5 satyrs
  16 two-headed ogres
  2 tengu warriors
  5 death yaks
  2 spriggan berserkers
  3 vampire magi
  3 titan zombies
  6 orc high priests (Orc:2)
  A hell hog (Geh:4)
  11 dancing weapons
  13 naga sharpshooters
  A shock serpent (shapeshifter) (Vaults:5)
  12 soul eaters
  3 storm dragon zombies
  6 shock serpents
  A titan skeleton (Geh:4)
  27 sun demons
  10 shadow wraiths
  2 iron golems (Hell)
  4 deep elf knights
  9 sixfirhies
  25 hell knights
  4 salamander mystics
  55 skeletal warriors
  A fire crab (shapeshifter) (Vaults:4)
  2 storm dragon skeletons
  9 iron trolls
  19 sea snakes
  A golden dragon zombie (Tar:7)
  An anaconda zombie (Coc:7)
  A death drake (Tar:7)
  23 deep trolls
  A sea snake (shapeshifter) (Vaults:5)
  6 flayed ghosts
  9 shadow demons
  3 naga ritualists (Snake:3)
  A kraken simulacrum (Shoals:4)
  7 gelid demonspawn (Pan)
  7 torturous demonspawn (Pan)
  A swamp dragon (Zig:8)
  A glowing orange brain (Vaults:3)
  6 infernal demonspawn (Pan)
  4 anaconda skeletons
  16 harpies
  15 orc knights
  3 deep elf archers
  13 ironbrand convokers
  7 wizards
  A shadow dragon zombie (Dis:7)
  2 golden dragon skeletons
  12 necromancers
  2 wolf spider zombies
  10 phantasmal warriors
  6 deep elf magi
  A wolf spider (Vaults:4)
  11 mana vipers
  16 salamanders
  5 cyclopes
  18 manticores
  10 fauns
  4 orc sorcerers
  8 shining eyes
  A shadow dragon skeleton (Pan)
  A fire giant zombie (Tar:7)
  22 ugly things
  A sphinx skeleton (Vaults:5)
  4 frost giant zombies
  2 stone giant zombies
  A salamander (shapeshifter) (Vaults:4)
  3 worldbinders (Abyss:3)
  2 dire elephant zombies
  A black mamba (shapeshifter) (D:13)
  A guardian serpent (shapeshifter) (Vaults:1)
  A frost giant skeleton (Pan)
  17 merfolk sirens
  2 moths of wrath (shapeshifter)
  11 moths of wrath
  5 vault sentinels
  A water nymph (shapeshifter) (Vaults:5)
  A shock serpent zombie (Tomb:3)
  5 eyes of devastation
  3 ice statues
  18 smoke demons
  2 stone giant skeletons
  An elephant (shapeshifter) (Vaults:5)
  11 guardian serpents
  11 rust devils
  4 titan simulacra
  15 orange demons
  8 water nymphs
  31 black mambas
  5 elephants (Lair:6)
  A gargoyle (D:13)
  15 naga magi
  An apocalypse crab (Abyss:1)
  A molten gargoyle (Geh:7)
  A torpor snail (shapeshifter) (Vaults:5)
  16 cane toads
  3 efreet
  A storm dragon simulacrum (Coc:7)
  An emperor scorpion zombie (Dis:6)
  12 freezing wraiths
  18 hellions
  6 rime drakes
  14 tormentors
  11 ice devils
  5 komodo dragons
  11 demonic crawlers
  9 hellwings (Pan)
  An anaconda simulacrum (Coc:7)
  44 guardian mummies
  25 yaktaurs
  2 harpy zombies
  A silent spectre (Tar:6)
  9 trolls
  17 polar bears
  3 meliai (D:13)
  2 wind drakes
  17 merfolk
  Prince Ribbit (D:9)
  14 red devils
  4 hydra skeletons
  11 hippogriffs
  A bog body (Zig:8)
  63 saltlings (Desolation)
  3 fire dragon zombies
  A harpy skeleton (Geh:1)
  15 blink frogs
  7 ice dragon zombies
  9 hornets
  2 alligator zombies
  9 dream sheep
  94 slime creatures
  2 frost giant simulacra
  6 snapping turtles
  2 fire giant simulacra
  A hippogriff (shapeshifter) (Vaults:5)
  A black mamba zombie (Dis:4)
  Sigmund (D:4)
  19 shadows
  68 yaks
  2 spriggans (Depths:2)
  A spriggan (shapeshifter) (Vaults:2)
  16 ynoxinuls (Pan)
  3 ettin skeletons
  56 flying skulls
  9 ushabtiu
  3 wyverns
  A fire dragon skeleton (Geh:4)
  13 water elementals
  6 wraiths
  A basilisk (Lair:6)
  3 fire elementals
  6 chaos spawn (Pan)
  10 golden eyes (Pan)
  13 neqoxecs (Pan)
  7 vampire mosquitoes
  7 wargs
  53 nagas
  A soldier ant (D:11)
  An insubstantial wisp (Zig:8)
  An acid dragon (D:13)
  2 cane toad zombies
  4 hydra simulacra
  10 water moccasins
  8 hell hounds
  A floating eye (Pan)
  3 porcupines
  50 orc warriors
  A floating eye (shapeshifter) (Vaults:5)
  4 cane toad skeletons
  A swamp drake (Zig:8)
  3 black bears
  A swamp dragon zombie (Geh:4)
  A snapping turtle zombie (Geh:6)
  4 phantoms
  5 sky beasts
  5 ice beasts
  21 ogres
  10 eyes of draining
  A hornet zombie (D:12)
  3 small abominations
  10 necrophages
  34 wolves
  14 centaurs
  11 crocodiles
  A swamp dragon skeleton (Tomb:3)
  4 big kobolds
  14 bullfrogs
  2 scorpions
  A troll zombie (Tar:6)
  17 killer bees
  A troll skeleton (Dis:2)
  11 electric eels
  54 wights
  3 bullfrog zombies
  4 centaur zombies
  3 lava snakes (Snake:4)
  4 crimson imps
  2 quasits
  2 bullfrog skeletons
  25 orc wizards
  37 orc priests
  8 hounds
  3 jellies
  11 iron imps
  An iguana (D:11)
  4 centaur skeletons
  9 hell rats (Hell)
  A spriggan simulacrum (Abyss:1)
  11 worker ants
  32 mummies
  A worker ant zombie (D:7)
  18 adders
  12 river rats
  6 shadow imps
  6 white imps
  An ufetubus (D:6)
  5 oozes
  4 adder skeletons
  6 worms
  4 dart slugs
  9 leopard geckos
  96 orcs
  3 giant cockroaches
  11 goblins
  11 hobgoblins
  14 jackals
  10 quokkas
  6 ball pythons
  9 bats
  6 frilled lizards
  28 kobolds
  31 rats
  A bush (Lair:4)
  2 crawling corpses (Vaults:5)
  A fungus (Lair:6)
3013 creatures vanquished.

Vanquished Creatures (collateral kills)
  A doom hound (Tar:7)
  Jorgrun (Shoals:2)
  4 acid blobs (Slime:5)
  A very ugly thing (Pan)
  A death ooze (Slime:5)
  2 great orbs of eyes (Slime:5)
  An ugly thing (Pan)
  2 water nymphs (Shoals:2)
  A tormentor (Tar:7)
  A troll (D:11)
  7 slime creatures
  2 neqoxecs (Pan)
  A sky beast (D:11)
25 creatures vanquished.

Vanquished Creatures (others)
  An eldritch tentacle (Pan)
  A draconian annihilator (Pan)
  A lorocyproca (Pan)
  A black draconian (Zot:3)
  A deep elf knight (Vaults:2)
  A large abomination (Pan)
  A mana viper (Snake:1)
  2 smoke demons (Pan)
  A tormentor (Geh:7)
  A hornet (Zig:8)
  A raiju (Zot:3)
  2 flying skulls
  A ynoxinul (Zot:2)
  A fire elemental (Geh:4)
  A neqoxec (Pan)
  A golden eye (Pan)
  A naga (Snake:2)
  An orc warrior (Vaults:4)
  2 ogres
  A necrophage (Tar:7)
  A wolf (IceCv)
  A snapping turtle skeleton (Geh:7)
  2 wights (Geh:1)
  A crimson imp (Hell)
  A white imp (Hell)
  4 ball lightnings (Pan)
  2 fungi (Lair:6)
  14 plants
  14 tentacles (Shoals:1)
  A withered plant (D:15)
64 creatures vanquished.

Grand Total: 3102 creatures vanquished

Notes
Turn   | Place    | Note
-------+----------+-------------------------------------------
     0 | D:1      | EnegeticOcto the Ghoul Skald began the quest for the Orb.
     0 | D:1      | Reached XP level 1. HP: 17/17 MP: 2/2
    74 | D:1      | Reached XP level 2. HP: 18/24 MP: 3/3
   158 | D:1      | Reached skill level 3 in Unarmed Combat
   382 | D:1      | Reached XP level 3. HP: 26/29 MP: 4/4
   612 | D:1      | Reached skill level 4 in Unarmed Combat
   986 | D:2      | Reached XP level 4. HP: 34/36 MP: 5/5
  1131 | D:2      | Found an ancient bone altar of Kikubaaqudgha.
  1131 | D:2      | Found a hide-covered altar of Uskayaw.
  1397 | D:2      | Found a runed translucent door.
  1398 | D:2      | Noticed Crazy Yiuf
  1546 | D:2      | Reached skill level 5 in Unarmed Combat
  1651 | D:3      | Found a white marble altar of Elyvilon.
  1843 | D:3      | Found a glowing drain.
  1863 | Sewer    | Entered a sewer
  2010 | Sewer    | Reached XP level 5. HP: 41/41 MP: 6/6
  2057 | Sewer    | Noticed a big kobold
  2072 | Sewer    | Killed a big kobold
  2072 | Sewer    | Reached skill level 6 in Unarmed Combat
  2200 | Sewer    | Reached XP level 6. HP: 45/48 MP: 7/7
  2355 | Sewer    | Reached skill level 7 in Unarmed Combat
  2757 | D:3      | Found a shimmering blue altar of Sif Muna.
  2855 | D:4      | Found a staircase to the Ecumenical Temple.
  2870 | Temple   | Entered the Ecumenical Temple
  2883 | Temple   | Became a worshipper of the Wu Jian Council
  3098 | D:4      | Noticed Sigmund
  3118 | D:4      | Killed Sigmund
  3118 | D:4      | Reached skill level 8 in Unarmed Combat
  3118 | D:4      | Reached XP level 7. HP: 35/55 MP: 8/8
  3770 | D:4      | Found a glowing silver altar of Zin.
  3851 | D:4      | Reached skill level 9 in Unarmed Combat
  4011 | D:5      | Entered Level 5 of the Dungeon
  4032 | D:5      | Reached skill level 3 in Fighting
  4177 | D:5      | Reached XP level 8. HP: 62/66 MP: 9/9
  4197 | D:5      | Reached skill level 4 in Fighting
  4207 | D:5      | Reached * piety under Wu Jian
  5421 | D:6      | Found Gyhoash's Gadget Boutique.
  5429 | D:6      | Reached skill level 5 in Fighting
  5720 | D:6      | Reached ** piety under Wu Jian
  5790 | D:6      | Reached skill level 10 in Unarmed Combat
  5940 | D:6      | Noticed Maggie
  5941 | D:6      | Noticed Maggie
  5941 | D:6      | Maggie changed into Maggie the bullfrog
  5943 | D:6      | Killed Maggie the bullfrog
  6047 | D:7      | Reached skill level 6 in Fighting
  6072 | D:7      | Reached XP level 9. HP: 41/78 MP: 10/10
  6251 | D:7      | Reached skill level 7 in Fighting
  6274 | D:6      | Reached skill level 11 in Unarmed Combat
  6445 | D:7      | Noticed Harold
  6490 | D:7      | Killed Harold
  6490 | D:7      | Reached skill level 8 in Fighting
  6490 | D:7      | Reached skill level 12 in Unarmed Combat
  6736 | D:7      | Found a blossoming altar of Fedhas.
  6813 | D:8      | Reached *** piety under Wu Jian
  6815 | D:8      | Reached XP level 10. HP: 56/88 MP: 11/11
  6832 | D:8      | Reached skill level 13 in Unarmed Combat
  6876 | D:8      | Found the +3 salamander hide armour {+Rage rF++}
  7166 | D:8      | Reached **** piety under Wu Jian
  7516 | D:8      | Learned a level 1 spell: Apportation
  7518 | D:8      | Learned a level 1 spell: Animate Skeleton
  7521 | D:8      | Learned a level 2 spell: Song of Slaying
  7572 | D:9      | Reached skill level 1 in Armour
  7594 | D:9      | Noticed a two-headed ogre
  7611 | D:9      | Killed a two-headed ogre
  7611 | D:9      | Reached skill level 2 in Armour
  7611 | D:9      | Reached skill level 1 in Translocations
  7621 | D:9      | Reached skill level 2 in Translocations
  7665 | D:9      | Found a roughly hewn altar of Beogh.
  7665 | D:9      | Found a staircase to the Orcish Mines.
  7681 | D:9      | Noticed Prince Ribbit
  7683 | D:9      | Killed Prince Ribbit
  7701 | D:9      | Reached skill level 3 in Armour
  7710 | D:9      | Found a snail-covered altar of Cheibriados.
  7717 | D:9      | Reached skill level 14 in Unarmed Combat
  7719 | D:9      | Reached skill level 3 in Translocations
  7781 | D:9      | Found a shimmering altar of Xom.
  7783 | D:9      | Found an opulent altar of Gozag.
  7783 | D:9      | Found a hide-covered altar of Uskayaw.
  7785 | D:9      | Found a basalt altar of Yredelemnul.
  7785 | D:9      | Found a glowing silver altar of Zin.
  7785 | D:9      | Found a basalt altar of Yredelemnul.
  7789 | D:9      | Reached skill level 9 in Fighting
  7789 | D:9      | Reached XP level 11. HP: 59/97 MP: 12/12
  8026 | D:10     | Entered Level 10 of the Dungeon
  8234 | D:9      | Reached skill level 4 in Armour
  8424 | D:10     | Reached skill level 4 in Translocations
  8743 | D:11     | Found a staircase to the Lair.
  8754 | D:11     | Found a runed translucent door.
  8754 | D:11     | Found a shimmering altar of Xom.
  8754 | D:11     | Noticed ANON1729's ghost (journeyman DrCj)
  8754 | D:11     | Noticed a +1 flail of chaos
  8756 | D:11     | Noticed a white ugly thing
  8763 | D:11     | Killed a white ugly thing
  8821 | D:11     | Noticed a white ugly thing
  8840 | D:11     | Killed a white ugly thing
  8859 | D:11     | Noticed a cyclops
  8861 | D:11     | Reached skill level 10 in Fighting
  8861 | D:11     | Reached skill level 5 in Armour
  8865 | D:11     | Killed a cyclops
  8865 | D:11     | Reached skill level 5 in Translocations
  8951 | D:11     | You fall into a shaft and drop 1 floor!
  8951 | D:12     | Noticed an orc warlord
  8951 | D:12     | Noticed a purple ugly thing
  8952 | D:12     | Noticed a +2 short sword of flaming
  8952 | D:12     | Noticed a death drake
  8952 | D:12     | Noticed a catoblepas
  8952 | D:12     | Noticed a deep elf mage
  8957 | D:12     | Found an opulent altar of Gozag.
  9049 | D:11     | Reached skill level 1 in Evocations
  9240 | Lair:1   | Entered Level 1 of the Lair of Beasts
  9319 | Lair:1   | Reached skill level 2 in Evocations
  9447 | Orc:1    | Entered Level 1 of the Orcish Mines
  9464 | Orc:1    | Found a frozen archway.
  9471 | Orc:1    | Reached skill level 6 in Armour
  9477 | Orc:1    | Reached XP level 12. HP: 77/106 MP: 13/13
  9485 | IceCv    | Entered an ice cave
  9511 | IceCv    | Reached skill level 6 in Translocations
  9560 | IceCv    | Reached skill level 3 in Evocations
  9581 | IceCv    | Reached skill level 2 in Dodging
  9597 | IceCv    | Reached skill level 2 in Spellcasting
  9642 | IceCv    | HP: 4/106 [polar bear (14)]
  9911 | IceCv    | Reached ***** piety under Wu Jian
  9911 | IceCv    | Reached skill level 3 in Dodging
  9986 | IceCv    | Reached skill level 3 in Spellcasting
 10025 | IceCv    | Noticed a death yak
 10042 | IceCv    | Killed a death yak
 10042 | IceCv    | Reached skill level 4 in Evocations
 10050 | IceCv    | Reached skill level 7 in Armour
 10220 | IceCv    | Noticed a frost giant
 10223 | IceCv    | Reached skill level 4 in Dodging
 10225 | IceCv    | Killed a frost giant
 10225 | IceCv    | Reached skill level 4 in Spellcasting
 10233 | IceCv    | Got a pair of ancient gloves
 10259 | IceCv    | Identified the +2 pair of gloves of Negligence {Str+5} (You
                  | found it in an ice cave)
 10324 | Orc:2    | Entered Level 2 of the Orcish Mines
 10361 | Orc:1    | Reached skill level 15 in Unarmed Combat
 10361 | Orc:1    | Reached XP level 13. HP: 54/113 MP: 18/18
 10425 | Orc:1    | Found Idufetet's Magic Scroll Shoppe.
 10453 | Orc:1    | Bought a scroll of enchant armour for 82 gold pieces
 10453 | Orc:1    | Bought a scroll of summoning for 104 gold pieces
 10453 | Orc:1    | Bought a scroll of immolation for 38 gold pieces
 10453 | Orc:1    | Bought a scroll of blinking for 82 gold pieces
 10453 | Orc:1    | Bought a scroll of magic mapping for 38 gold pieces
 10453 | Orc:1    | Bought a scroll of identify for 22 gold pieces
 10453 | Orc:1    | Bought a scroll of identify for 22 gold pieces
 10453 | Orc:1    | Bought a scroll of identify for 22 gold pieces
 10476 | Orc:1    | Reached skill level 5 in Evocations
 10565 | Orc:1    | Found a bloodstained altar of Trog.
 10645 | Orc:1    | Found Foliar's Magic Scroll Shoppe.
 10746 | Orc:2    | Found a runed translucent door.
 10759 | Orc:2    | Found the +10 tower shield of Ignorance {rN+ Int-4}
 10881 | Orc:2    | Found a staircase to the Elven Halls.
 10905 | Orc:2    | Reached skill level 1 in Shields
 10967 | Orc:2    | Reached skill level 2 in Shields
 11003 | Orc:2    | Reached skill level 3 in Shields
 11007 | Orc:2    | Reached skill level 4 in Shields
 11050 | Orc:2    | Reached skill level 5 in Shields
 11064 | Orc:2    | Reached skill level 6 in Shields
 11340 | Orc:2    | Reached skill level 7 in Shields
 11622 | Orc:2    | Found a runed translucent door.
 11745 | Orc:2    | Found Pofuver's Antique Armour Shoppe.
 11745 | Orc:2    | Found Akiclu's Armour Shoppe.
 11746 | Orc:2    | Found Busiwko's Armour Shoppe.
 11746 | Orc:2    | Found One Qouc's Weapon Emporium.
 11757 | Orc:2    | Bought a runed plate armour for 676 gold pieces
 12002 | D:6      | Bought a tin of tremorstones (3/3) for 560 gold pieces
 12170 | Lair:2   | Reached skill level 8 in Shields
 12241 | Lair:4   | Found a radiant altar of Vehumet.
 12261 | Lair:4   | Reached XP level 14. HP: 121/121 MP: 20/20
 12355 | Lair:5   | Found a runed translucent door.
 12355 | Lair:5   | Found a viscous altar of Jiyva.
 12357 | Lair:5   | Found a staircase to the Slime Pits.
 12382 | Lair:6   | Entered Level 6 of the Lair of Beasts
 12467 | Lair:6   | Noticed Nessos
 12476 | Lair:6   | Reached skill level 9 in Shields
 12480 | Lair:6   | Killed Nessos
 12615 | Lair:6   | Reached skill level 16 in Unarmed Combat
 12683 | Lair:6   | Reached skill level 10 in Shields
 12858 | Lair:6   | Identified a scroll of acquirement
 12973 | Lair:6   | Got a distressingly furry hat
 12984 | Lair:6   | Identified the +0 hat of Vampiric Thralls {-Cast +Blink
                  | rPois MR++} (You found it on level 6 of the Lair of Beasts)
 13149 | Lair:5   | Noticed Urug
 13150 | Lair:5   | Noticed Urug
 13150 | Lair:5   | Urug changed into Urug the glowing shapeshifter
 13151 | Lair:5   | Noticed Urug
 13151 | Lair:5   | Urug the glowing shapeshifter changed into Urug the dream
                  | sheep
 13152 | Lair:5   | Noticed Urug
 13152 | Lair:5   | Urug the dream sheep changed into Urug the moth of wrath
 13156 | Lair:5   | Killed Urug the moth of wrath
 13244 | Lair:4   | Reached skill level 17 in Unarmed Combat
 13247 | Lair:4   | Reached XP level 15. HP: 126/126 MP: 17/21
 13314 | Lair:4   | Found a staircase to the Snake Pit.
 13342 | Lair:4   | Reached skill level 11 in Shields
 13354 | Snake:1  | Entered Level 1 of the Snake Pit
 13419 | Snake:1  | Identified the +3 broad axe "Guh Went" {drain, *Corrode
                  | +Inv Dex+8}
 13462 | Snake:1  | Found Gotyin's Distillery.
 13466 | Snake:1  | Bought a potion of might for 60 gold pieces
 13634 | Snake:2  | Found an opulent altar of Gozag.
 13694 | Snake:2  | Reached skill level 12 in Shields
 13728 | Snake:2  | Found Otuba's Antique Armour Boutique.
 13763 | Snake:2  | Acquired 400 gold pieces
 13784 | Snake:2  | Bought a transparent chain mail for 199 gold pieces
 13794 | Snake:2  | Identified the +6 chain mail of Broken Taboos {+Blink rElec
                  | rPois rC-} (You bought it in a shop on level 2 of the Snake
                  | Pit)
 13840 | Snake:2  | Noticed a nagaraja
 13857 | Snake:2  | Killed a nagaraja
 13890 | Snake:3  | Reached skill level 18 in Unarmed Combat
 13908 | Snake:3  | Noticed a nagaraja
 14031 | Snake:3  | Noticed a nagaraja
 14042 | Snake:3  | Reached skill level 5 in Spellcasting
 14050 | Snake:3  | Reached skill level 8 in Armour
 14070 | Snake:3  | Killed a nagaraja
 14295 | Snake:3  | Reached skill level 11 in Fighting
 14381 | Snake:3  | Reached XP level 16. HP: 78/137 MP: 22/22
 14466 | Snake:4  | Entered Level 4 of the Snake Pit
 14682 | Snake:4  | Reached skill level 13 in Shields
 14765 | Snake:4  | Reached skill level 12 in Fighting
 14788 | Snake:4  | Reached ****** piety under Wu Jian
 15248 | Snake:4  | Noticed a nagaraja
 15298 | Snake:4  | Killed a nagaraja
 15338 | Snake:4  | Noticed a nagaraja
 15345 | Snake:4  | Reached skill level 13 in Fighting
 15360 | Snake:4  | Killed a nagaraja
 15366 | Snake:4  | Reached skill level 14 in Shields
 15378 | Snake:4  | Noticed a nagaraja
 15387 | Snake:4  | Killed a nagaraja
 15453 | Snake:4  | Noticed a nagaraja
 15454 | Snake:4  | Noticed a nagaraja
 15454 | Snake:4  | Killed a nagaraja
 15454 | Snake:4  | Reached XP level 17. HP: 151/151 MP: 23/23
 15465 | Snake:4  | Reached skill level 14 in Fighting
 15529 | Snake:4  | Got a serpentine rune of Zot
 15663 | Snake:2  | Found Mituvar's General Store.
 16278 | Lair:3   | Found a staircase to the Shoals.
 16284 | Lair:3   | Reached skill level 5 in Dodging
 16295 | Shoals:1 | Entered Level 1 of the Shoals
 16388 | Shoals:1 | Noticed a kraken
 16565 | Shoals:2 | Reached skill level 15 in Shields
 16594 | Shoals:2 | Noticed Jorgrun
 16604 | Shoals:2 | Killed Jorgrun
 16660 | Shoals:2 | Found Veunap's Antique Armour Shoppe.
 16939 | Shoals:4 | Entered Level 4 of the Shoals
 17125 | Shoals:4 | Reached skill level 6 in Dodging
 17136 | Shoals:4 | Reached skill level 15 in Fighting
 17175 | Shoals:4 | Noticed Ilsuiw
 17220 | Shoals:4 | Killed Ilsuiw
 17220 | Shoals:4 | Reached skill level 9 in Armour
 17257 | Shoals:4 | Reached XP level 18. HP: 144/163 MP: 24/24
 17270 | Shoals:4 | Identified the ring "Udghu Mef" {rF+ Dex+3 Stlth-}
 17630 | Shoals:4 | Reached skill level 7 in Dodging
 17655 | Shoals:4 | Got a barnacled rune of Zot
 18305 | Lair:4   | You fall into a shaft and drop 1 floor!
 18413 | Slime:1  | Entered Level 1 of the Pits of Slime
 18492 | Slime:1  | Reached skill level 10 in Armour
 18543 | Slime:1  | Reached skill level 19 in Unarmed Combat
 18713 | Slime:1  | Reached skill level 8 in Dodging
 19058 | Slime:2  | Reached skill level 16 in Shields
 19166 | Slime:2  | Reached XP level 19. HP: 163/170 MP: 25/25
 19418 | Slime:3  | Reached skill level 11 in Armour
 19693 | Slime:5  | Entered Level 5 of the Pits of Slime
 19896 | Slime:5  | Noticed the Royal Jelly
 19897 | Slime:5  | Found a viscous altar of Jiyva.
 19913 | Slime:5  | Killed the Royal Jelly
 20080 | Slime:5  | Reached skill level 20 in Unarmed Combat
 20135 | Slime:5  | Identified the Almanac of Mutagenic Displacement
 20207 | Slime:5  | Identified the +1 cloak of the Bull {rElec rPois Int+6}
                  | (You found it on level 5 of the Pits of Slime)
 20211 | Slime:5  | Got a slimy rune of Zot
 20221 | Slime:5  | Got a bloodstained chain mail
 20238 | Slime:5  | Identified the amulet "Orchax" {Faith Int+2 Stlth+} (You
                  | found it on level 5 of the Pits of Slime)
 20249 | Slime:5  | Identified the +4 chain mail "Ihegah" {Dex+3} (You found it
                  | on level 5 of the Pits of Slime)
 20409 | Snake:2  | Bought the +5 chain mail of Ujamuyw {rC+ Regen+ Dex+4} for
                  | 1038 gold pieces
 20409 | Snake:2  | Bought a scroll of teleportation for 60 gold pieces
 20611 | D:12     | Found a bloodstained altar of Trog.
 20716 | D:13     | Learned a level 4 spell: Passage of Golubria
 20719 | D:13     | Learned a level 2 spell: Passwall
 20998 | D:13     | Reached skill level 12 in Armour
 21037 | D:13     | Found a gate to the Vaults.
 21042 | Vaults:1 | Entered Level 1 of the Vaults
 21082 | Vaults:1 | Found a ruined gateway.
 21094 | Desolati | Entered the Desolation of Salt
 21115 | Desolati | Reached XP level 20. HP: 174/178 MP: 26/26
 21162 | Desolati | Reached skill level 17 in Shields
 21336 | Desolati | Got a transparent gossamer ring
 21337 | Desolati | Identified the ring of Igyfuewk {Ice rPois Str+4 Int+2
                  | SInv} (You found it in the Desolation of Salt)
 21375 | Desolati | Got a translucent ruby amulet
 21386 | Desolati | Identified the amulet of Obsession {Spirit rPois} (You
                  | found it in the Desolation of Salt)
 21407 | Desolati | Got a brightly glowing turquoise ring
 21409 | Desolati | Identified the ring of Qeuxt {AC+4 Int+3} (You found it in
                  | the Desolation of Salt)
 21565 | Desolati | Got a translucent tin ring
 21574 | Desolati | Identified the ring of Woqeu {+Blink MP+9} (You found it in
                  | the Desolation of Salt)
 21579 | Desolati | Got a heavily runed amber ring
 21580 | Desolati | Identified the ring "Pomihuso" {Ice *Contam Int+4 Dex+6}
                  | (You found it in the Desolation of Salt)
 21586 | Desolati | Got a warped glass ring
 21587 | Desolati | Identified the ring "Umafinir" {rF++ EV+4 Int+2} (You found
                  | it in the Desolation of Salt)
 21682 | Desolati | Got a clouded lapis lazuli ring
 21740 | Desolati | Reached skill level 16 in Fighting
 22080 | Vaults:2 | You fall into a shaft and drop 1 floor!
 22450 | Vaults:3 | Reached skill level 21 in Unarmed Combat
 22494 | Vaults:3 | Noticed Mara
 22505 | Vaults:3 | Killed Mara
 22505 | Vaults:3 | Reached XP level 21. HP: 189/189 MP: 27/27
 22538 | Vaults:3 | Found Mitoikefu's Gadget Emporium.
 22546 | Vaults:3 | Bought a wand of digging (5) for 216 gold pieces
 22596 | Vaults:4 | Noticed Aizul
 22614 | Vaults:4 | Killed Aizul
 22623 | Vaults:4 | Reached skill level 18 in Shields
 22655 | Vaults:4 | Reached skill level 17 in Fighting
 22693 | Vaults:4 | Identified the ring of Tocakhlo {rF+ rC+ Str+6} (You found
                  | it in the Desolation of Salt)
 22977 | Vaults:4 | Reached XP level 22. HP: 200/200 MP: 28/28
 22982 | Vaults:5 | Entered Level 5 of the Vaults
 22988 | Vaults:5 | Reached skill level 22 in Unarmed Combat
 23109 | Vaults:5 | Noticed an ancient lich
 23117 | Vaults:5 | Killed an ancient lich
 23216 | Vaults:5 | Reached skill level 18 in Fighting
 23236 | Vaults:5 | Reached XP level 23. HP: 150/209 MP: 29/29
 23348 | Vaults:5 | Found the +8 orange crystal plate armour {Archmagi, Int+3
                  | Clar}
 23433 | Vaults:5 | Reached skill level 19 in Shields
 23529 | Vaults:5 | Got a silver rune of Zot
 23807 | Vaults:5 | Reached skill level 23 in Unarmed Combat
 23902 | Vaults:5 | Noticed a golden dragon
 23916 | Vaults:5 | Killed a golden dragon
 23916 | Vaults:5 | Reached skill level 19 in Fighting
 23974 | Vaults:5 | Identified the +9 plate armour of the Red Slorg {*Corrode
                  | +Inv rN+ Slay+2} (You found it on level 5 of the Vaults)
 24258 | Vaults:2 | Found a staircase to the Crypt.
 24273 | Crypt:1  | Entered Level 1 of the Crypt
 24318 | Crypt:3  | Entered Level 3 of the Crypt
 24380 | Crypt:3  | Reached XP level 24. HP: 201/221 MP: 29/29
 24428 | Crypt:3  | Got a crude ruby amulet
 24429 | Crypt:3  | Identified the amulet of Caceplid {Inacc Str+4 Int+3} (You
                  | found it on level 3 of the Crypt)
 24614 | Crypt:3  | Found a basalt altar of Yredelemnul.
 24614 | Crypt:3  | Noticed an ancient lich
 24621 | Crypt:3  | Killed an ancient lich
 24657 | Crypt:3  | Found the +4 Cigotuvi's embrace {rRot *Drain rN+}
 24657 | Crypt:3  | Found the +8 arc blade {discharge, rElec}
 24661 | Crypt:3  | Identified the Incunabulum of Dark Magic
 24831 | Crypt:3  | Found a staircase to the Tomb.
 24841 | Tomb:1   | Entered Level 1 of the Tomb of the Ancients
 25047 | Tomb:1   | Noticed a greater mummy
 25061 | Tomb:1   | Noticed a greater mummy
 25074 | Tomb:1   | Killed a greater mummy
 25086 | Tomb:1   | Killed a greater mummy
 25086 | Tomb:1   | Reached skill level 6 in Evocations
 25354 | Tomb:2   | Noticed a greater mummy
 25355 | Tomb:2   | Noticed a greater mummy
 25356 | Tomb:2   | Noticed a greater mummy
 25357 | Tomb:2   | Noticed a greater mummy
 25361 | Tomb:2   | Noticed Frederick
 25449 | Tomb:2   | Reached skill level 20 in Shields
 25528 | Tomb:3   | Entered Level 3 of the Tomb of the Ancients
 25555 | Tomb:3   | Noticed a greater mummy
 25556 | Tomb:3   | Noticed a greater mummy
 25567 | Tomb:3   | Reached skill level 20 in Fighting
 25568 | Tomb:3   | Noticed a greater mummy
 25568 | Tomb:3   | Noticed a greater mummy
 25571 | Tomb:3   | Killed a greater mummy
 25571 | Tomb:3   | Reached skill level 7 in Evocations
 25583 | Tomb:3   | Killed a greater mummy
 25584 | Tomb:3   | Noticed an ancient lich
 25587 | Tomb:3   | Noticed a greater mummy
 25588 | Tomb:3   | Noticed a greater mummy
 25588 | Tomb:3   | Reached XP level 25. HP: 219/231 MP: 29/29
 25588 | Tomb:3   | Reached skill level 24 in Unarmed Combat
 25588 | Tomb:3   | Reached skill level 13 in Armour
 25590 | Tomb:3   | Killed a greater mummy
 25597 | Tomb:3   | Killed an ancient lich
 25597 | Tomb:3   | Reached skill level 8 in Evocations
 25598 | Tomb:3   | Killed a greater mummy
 25601 | Tomb:3   | Noticed a greater mummy
 25601 | Tomb:3   | Noticed a greater mummy
 25635 | Tomb:3   | Killed a greater mummy
 25635 | Tomb:3   | Killed a greater mummy
 25674 | Tomb:3   | Reached skill level 9 in Evocations
 25679 | Tomb:3   | Killed a greater mummy
 25681 | Tomb:3   | Killed a greater mummy
 25704 | Tomb:3   | Got a flickering marble ring
 25711 | Tomb:3   | Identified the Tome of Creative Venom
 25786 | Tomb:3   | Got a golden rune of Zot
 25838 | Tomb:3   | Identified the ring "Ommav" {Fire rElec MR+ Dex+2 SInv}
                  | (You found it on level 3 of the Tomb of the Ancients)
 26192 | Vaults:1 | Reached skill level 14 in Armour
 26340 | D:15     | Entered Level 15 of the Dungeon
 26432 | D:15     | Found a staircase to the Depths.
 26469 | Depths:1 | Entered Level 1 of the Depths
 26503 | Depths:1 | Found a gateway to a ziggurat.
 26514 | Zig:1    | Entered Level 1 of a ziggurat
 26515 | Zig:1    | Noticed Okimaph the pandemonium lord
 26546 | Zig:1    | Killed Okimaph the pandemonium lord
 26561 | Zig:2    | Entered Level 2 of a ziggurat
 26601 | Zig:3    | Entered Level 3 of a ziggurat
 26624 | Zig:4    | Entered Level 4 of a ziggurat
 26626 | Zig:4    | Noticed a greater mummy
 26634 | Zig:4    | Killed a greater mummy
 26634 | Zig:4    | Reached skill level 7 in Translocations
 26647 | Zig:5    | Entered Level 5 of a ziggurat
 26652 | Zig:5    | Noticed Zirr the pandemonium lord
 26670 | Zig:5    | Killed Zirr the pandemonium lord
 26689 | Zig:6    | Entered Level 6 of a ziggurat
 26700 | Zig:6    | Reached skill level 10 in Evocations
 26734 | Zig:6    | Identified the ring of Ciwn {Wiz Str+5 Dex-5 Stlth+} (You
                  | found it on level 6 of a ziggurat)
 26752 | Zig:7    | Entered Level 7 of a ziggurat
 26762 | Zig:7    | Reached XP level 26. HP: 229/239 MP: 19/30
 26780 | Zig:7    | Identified Sipt's Handbook of Dark Rituals
 26795 | Zig:8    | Entered Level 8 of a ziggurat
 26803 | Zig:8    | Reached skill level 6 in Spellcasting
 26803 | Zig:8    | Reached skill level 8 in Translocations
 26842 | Zig:9    | Entered Level 9 of a ziggurat
 26846 | Zig:9    | Noticed Foutug the pandemonium lord
 26886 | Depths:1 | Killed Foutug the pandemonium lord
 26954 | Depths:1 | Found Doil's Island Escapes.
 26962 | Depths:1 | Bought a scroll of fog for 46 gold pieces
 26962 | Depths:1 | Bought a scroll of fog for 46 gold pieces
 26962 | Depths:1 | Bought a scroll of teleportation for 69 gold pieces
 26962 | Depths:1 | Bought a potion of haste for 230 gold pieces
 26962 | Depths:1 | Bought a scroll of blinking for 172 gold pieces
 26962 | Depths:1 | Bought a scroll of blinking for 172 gold pieces
 27188 | Depths:1 | Found a gateway to Hell.
 27201 | Hell     | Entered the Vestibule of Hell
 27203 | Hell     | Noticed Geryon
 27266 | Hell     | Reached skill level 9 in Translocations
 27480 | Hell     | Killed Geryon
 27583 | Hell     | Found a gateway to the decaying netherworld of Tartarus.
 27598 | Hell     | Reached skill level 25 in Unarmed Combat
 27608 | Hell     | Found a gateway to the ashen valley of Gehenna.
 27617 | Geh:1    | Entered Level 1 of Gehenna
 27617 | Geh:1    | Found a gateway to Hell.
 27702 | Geh:1    | Reached skill level 7 in Spellcasting
 27703 | Geh:1    | You are sucked into a shaft and drop 1 floor!
 27720 | Geh:3    | Found a gateway to Hell.
 27731 | Geh:3    | Found a gateway to Hell.
 27736 | Geh:4    | Found a gateway to Hell.
 27743 | Geh:4    | Found a gateway to Hell.
 27809 | Geh:4    | Reached skill level 10 in Translocations
 27940 | Geh:4    | You are sucked into a shaft and drop 2 floors!
 28015 | Geh:7    | Entered Level 7 of Gehenna
 28015 | Geh:7    | Found a gateway to Hell.
 28043 | Geh:7    | Identified the +7 sceptre of Asmodeus
 28043 | Geh:7    | Noticed Asmodeus
 28054 | Geh:7    | Killed Asmodeus
 28069 | Geh:7    | Reached skill level 15 in Armour
 28096 | Geh:7    | Found the +6 shillelagh "Devastator" {shatter}
 28100 | Geh:7    | Identified the Almanac of Ashen Flight
 28103 | Geh:7    | Identified the ring of Equivalence {rF+ rN+ MR+ Int+4} (You
                  | found it on level 7 of Gehenna)
 28118 | Geh:7    | Got an obsidian rune of Zot
 28165 | Geh:7    | Found a gateway to Hell.
 28287 | Hell     | Reached skill level 11 in Translocations
 28297 | Hell     | Found a gateway to the Iron City of Dis.
 28307 | Dis:1    | Entered Level 1 of the Iron City of Dis
 28307 | Dis:1    | Found a gateway to Hell.
 28338 | Dis:2    | Found a gateway to Hell.
 28434 | Dis:2    | Found a gateway to Hell.
 28484 | Dis:3    | You are sucked into a shaft and drop 1 floor!
 28522 | Dis:4    | Found a gateway to Hell.
 28565 | Dis:4    | Reached XP level 27. HP: 232/247 MP: 8/33
 28566 | Dis:4    | Reached skill level 8 in Spellcasting
 28568 | Dis:5    | Found a gateway to Hell.
 28680 | Dis:6    | Found a gateway to Hell.
 28787 | Dis:7    | Entered Level 7 of the Iron City of Dis
 28787 | Dis:7    | Found a gateway to Hell.
 28787 | Dis:7    | Found a gateway to Hell.
 28787 | Dis:7    | Found a gateway to Hell.
 28899 | Dis:7    | Reached skill level 12 in Translocations
 29154 | Dis:7    | Reached skill level 9 in Spellcasting
 29252 | Dis:7    | Identified the +4 staff of Dispater
 29252 | Dis:7    | Noticed Dispater
 29269 | Dis:7    | Killed Dispater
 29275 | Dis:7    | Identified the cursed -4 pair of boots "Huyff" {*Drain rN+
                  | Regen+ Str+2} (You found it on level 7 of the Iron City of
                  | Dis)
 29279 | Dis:7    | Got an iron rune of Zot
 29354 | Hell     | Found a gateway to the freezing wastes of Cocytus.
 29363 | Coc:1    | Entered Level 1 of Cocytus
 29363 | Coc:1    | Found a gateway to Hell.
 29384 | Coc:2    | Found a gateway to Hell.
 29430 | Coc:3    | Found a gateway to Hell.
 29434 | Coc:4    | Found a gateway to Hell.
 29488 | Coc:5    | Found a gateway to Hell.
 29559 | Coc:6    | Found a gateway to Hell.
 29566 | Coc:7    | Entered Level 7 of Cocytus
 29566 | Coc:7    | Found a gateway to Hell.
 29566 | Coc:7    | Found a gateway to Hell.
 29566 | Coc:7    | Found a gateway to Hell.
 29575 | Coc:7    | Reached skill level 13 in Translocations
 29614 | Coc:7    | Reached skill level 21 in Fighting
 29673 | Coc:7    | Reached skill level 16 in Armour
 29776 | Coc:7    | Noticed Antaeus
 29779 | Coc:7    | Found the +0 pair of fencer's gloves {Riposte Dex+3}
 29780 | Coc:7    | Got an icy rune of Zot
 29793 | Coc:7    | Noticed the Serpent of Hell
 29923 | Tar:1    | Entered Level 1 of Tartarus
 29923 | Tar:1    | Found a gateway to Hell.
 29995 | Tar:1    | Reached skill level 1 in Throwing
 30012 | Tar:2    | Found a gateway to Hell.
 30021 | Tar:3    | Found a gateway to Hell.
 30034 | Tar:3    | Reached skill level 2 in Throwing
 30034 | Tar:3    | Reached skill level 10 in Spellcasting
 30044 | Tar:4    | Found a gateway to Hell.
 30050 | Tar:5    | Reached skill level 3 in Throwing
 30052 | Tar:5    | Found a gateway to Hell.
 30067 | Tar:5    | Reached skill level 4 in Throwing
 30111 | Tar:6    | Found a gateway to Hell.
 30122 | Tar:6    | Reached skill level 5 in Throwing
 30158 | Tar:6    | Found a gateway to Hell.
 30242 | Tar:6    | Found a gateway to Hell.
 30250 | Tar:6    | Reached skill level 6 in Throwing
 30319 | Tar:7    | Entered Level 7 of Tartarus
 30319 | Tar:7    | Found a gateway to Hell.
 30344 | Tar:7    | Reached skill level 7 in Throwing
 30370 | Tar:7    | Noticed an ancient lich
 30389 | Tar:7    | Killed an ancient lich
 30398 | Tar:7    | Reached skill level 8 in Throwing
 30520 | Tar:7    | Reached skill level 9 in Throwing
 30666 | Tar:7    | Reached skill level 10 in Throwing
 30824 | Tar:7    | Noticed Ereshkigal
 30859 | Tar:7    | Reached skill level 11 in Throwing
 30896 | Tar:7    | Killed Ereshkigal
 30896 | Tar:7    | Reached skill level 22 in Fighting
 30906 | Tar:7    | Reached skill level 12 in Throwing
 30953 | Tar:7    | Got a bone rune of Zot
 31184 | Depths:3 | Found a one-way gate leading to the halls of Pandemonium.
 31230 | Depths:3 | Reached skill level 13 in Throwing
 31313 | Pan      | Entered Pandemonium
 31360 | Pan      | Noticed Uniosay the pandemonium lord
 31403 | Pan      | Killed Uniosay the pandemonium lord
 31954 | Pan      | Learned a level 2 spell: Blink
 31983 | Pan      | Reached skill level 21 in Shields
 32099 | Pan      | Reached skill level 14 in Throwing
 32113 | Pan      | Found a runed translucent door.
 32136 | Pan      | Found a transporter.
 32288 | Pan      | Found a transporter.
 32488 | Pan      | Noticed Fiokhef the pandemonium lord
 32516 | Pan      | Killed Fiokhef the pandemonium lord
 32648 | Pan      | Entered the realm of Lom Lobon.
 32682 | Pan      | Reached skill level 15 in Throwing
 32794 | Pan      | Reached skill level 23 in Fighting
 33051 | Pan      | Noticed Lom Lobon
 33076 | Pan      | Killed Lom Lobon
 33096 | Pan      | Got a magical rune of Zot
 33342 | Pan      | Noticed Hereacsu the pandemonium lord
 33353 | Pan      | Killed Hereacsu the pandemonium lord
 33522 | Pan      | Noticed Finoer Qapp the pandemonium lord
 33525 | Pan      | Reached skill level 16 in Throwing
 33544 | Pan      | Killed Finoer Qapp the pandemonium lord
 33628 | Pan      | Entered the realm of Cerebov.
 33733 | Pan      | Reached skill level 26 in Unarmed Combat
 33939 | Pan      | Identified the +6 sword of Cerebov {flame}
 33939 | Pan      | Noticed Cerebov
 33969 | Pan      | Killed Cerebov
 34005 | Pan      | Identified the Handbook of Poison and Snow
 34029 | Pan      | Identified the Handbook of Enthralling Transmutation
 34034 | Pan      | Identified the ring "Jeosh" {rElec rF+++ Dex+6 Slay-4 SInv}
                  | (You found it in Pandemonium)
 34047 | Pan      | Identified the Volume of Hurtful Intoxication
 34063 | Pan      | Got a fiery rune of Zot
 34167 | Pan      | Reached skill level 22 in Shields
 34216 | Pan      | Noticed Ybbuf the pandemonium lord
 34240 | Pan      | Killed Ybbuf the pandemonium lord
 34247 | Pan      | Reached skill level 24 in Fighting
 34250 | Pan      | Reached skill level 27 in Unarmed Combat
 34330 | Pan      | Got a demonic rune of Zot
 34370 | Pan      | Entered the realm of Gloorx Vloq.
 34565 | Pan      | Noticed Gloorx Vloq
 34575 | Pan      | Killed Gloorx Vloq
 34601 | Pan      | Got a dark rune of Zot
 34652 | Pan      | Entered the realm of Mnoleg.
 34660 | Pan      | Found an exit through the horrors of the Abyss.
 34740 | Pan      | Noticed Mnoleg
 34756 | Pan      | Paralysed by a floating eye for 3 turns
 34769 | Pan      | Killed Mnoleg
 34769 | Pan      | Reached skill level 11 in Evocations
 34872 | Pan      | Got a glowing rune of Zot
 34889 | Pan      | Got an ancient bone amulet
 34890 | Pan      | Identified the amulet "Pime" {Reflect Str+5 Dex-4 SH+5}
                  | (You found it in Pandemonium)
 34920 | Pan      | Took an exit into the Abyss.
 34920 | Abyss:1  | Escaped into the Abyss
 34949 | Abyss:1  | Reached skill level 25 in Fighting
 35115 | Abyss:3  | Found a corrupted altar of Lugonu.
 35160 | Abyss:3  | Got an abyssal rune of Zot
 35162 | Abyss:3  | Reached skill level 17 in Armour
 35175 | Depths:3 | Escaped the Abyss
 35250 | Depths:4 | Reached skill level 12 in Evocations
 35287 | Depths:5 | Entered Level 5 of the Depths
 35394 | Depths:5 | Found a gate to the Realm of Zot.
 35463 | Zot:1    | Entered Level 1 of the Realm of Zot
 35719 | Zot:3    | Noticed an orb of fire
 35728 | Zot:3    | Killed an orb of fire
 35884 | Zot:5    | Entered Level 5 of the Realm of Zot
 35978 | Zot:5    | Reached skill level 13 in Evocations
 36018 | Zot:5    | Noticed an ancient lich
 36026 | Zot:5    | Killed an ancient lich
 36029 | Zot:5    | Noticed an orb of fire
 36031 | Zot:5    | Reached skill level 17 in Throwing
 36033 | Zot:5    | Noticed an orb of fire
 36035 | Zot:5    | Noticed an ancient lich
 36038 | Zot:5    | Noticed an orb of fire
 36039 | Zot:5    | Killed an orb of fire
 36040 | Zot:5    | Noticed an orb of fire
 36043 | Zot:5    | Reached skill level 18 in Armour
 36045 | Zot:5    | Noticed an orb of fire
 36051 | Zot:5    | Killed an orb of fire
 36051 | Zot:5    | Reached skill level 26 in Fighting
 36055 | Zot:5    | Killed an ancient lich
 36055 | Zot:5    | Noticed an ancient lich
 36056 | Zot:5    | Killed an orb of fire
 36061 | Zot:5    | Killed an orb of fire
 36075 | Zot:5    | Killed an orb of fire
 36082 | Zot:5    | Killed an ancient lich
 36087 | Zot:5    | Reached skill level 18 in Throwing
 36091 | Zot:5    | Reached skill level 14 in Evocations
 36116 | Zot:5    | Noticed an orb of fire
 36127 | Zot:5    | Killed an orb of fire
 36132 | Zot:5    | Noticed an orb of fire
 36132 | Zot:5    | Noticed an orb of fire
 36145 | Zot:5    | Killed an orb of fire
 36152 | Zot:5    | Killed an orb of fire
 36171 | Zot:5    | Noticed an ancient lich
 36180 | Zot:5    | Killed an ancient lich
 36181 | Zot:5    | Noticed an ancient lich
 36191 | Zot:5    | Killed an ancient lich
 36324 | Zot:5    | Reached skill level 19 in Throwing
 36397 | Zot:5    | Got the Orb of Zot
 36569 | Depths:5 | Noticed Ekkar the pandemonium lord
 36570 | Depths:5 | Killed Ekkar the pandemonium lord
 36570 | Depths:5 | Reached skill level 19 in Armour
 36618 | Depths:2 | Noticed Lioruf the pandemonium lord
 36802 | D:11     | Noticed a seraph
 37068 | D:$      | Escaped with the Orb!

Illustrated notes

Levels and vault maps discovered:
D:1:      dpeg_arrival_concentric_ovals, layout_rooms, roderic_serpentine_path
D:2:      layout_loops_ring, gammafunk_temple_overflow_wave,
          uniq_crazy_yiuf_cottage
D:3:      layout_basic, lemuel_coloured_pillars_altar, lemuel_blue_sif_altar,
          portal_sewer_entry_b
D:4:      layout_basic, marbit_many_paths, minmay_temple_entry_waves,
          uniq_sigmund
D:5:      lemuel_ratsnest, layout_layer_cave, gup_ossuary_entry_pyramid
D:6:      layout_basic, serial_shops, nicolae_shop_waterfront,
          serial_park_tiny_1, uniq_maggie, uniq_duvessa
D:7:      cheibrodos_helix_gallery, layout_loops_ring, tgw_fedhas, uniq_harold
D:8:      layout_loops_ring
D:9:      layout_rooms, old_standard_altar, doesnt_xom_only_xom, david_orc_5,
          billiards_dpeg, uniq_prince_ribbit1
D:10:     layout_basic
D:11:     layout_roguey, lair_entry_dummy, ebering_ghost_xom
D:12:     minmay_nested_s, layout_rooms, serial_shops, shop_fountains,
          basic_altar, hangedman_feature_mirror, serial_bayou_pond_c,
          uniq_azrael
D:13:     layout_loops_ring, david_vaults_2
D:14:     layout_basic, serial_shops, shop, shop_fountains, glass_columns_a,
          fungi_pond_lemuel, minmay_misc_feat_iff,
          hangedman_abyss_or_decor_stabs, chequers_serial_rivers_micro_c
D:15:     gammafunk_depths_entry_grave, layout_basic, serial_shops,
          nicolae_shop_statue_plus, grunt_gozag_breadcrumbs
Temple:   zaba_magenta_temple
Lair:1:   layout_chaotic_city, grunt_megastairs_4
Lair:2:   layout_small_grid
Lair:3:   layout_misc_corridors, minmay_shoals_entry_lonely_mermaid,
          grunt_megastairs_2
Lair:4:   layout_roguey, minmay_snake_entry_guardpost_large, serial_forest,
          infiniplex_forest_end_3, infiniplex_forest_lined_room_,
          infiniplex_forest_clump_double, infiniplex_forest_clump_double,
          infiniplex_forest_join, infiniplex_forest_straight_2,
          infiniplex_forest_corner_1, infiniplex_forest_lined_room_3,
          basic_altar, lemuel_fruit_tree
Lair:5:   layout_layer_cave, slime_altar_2, serial_bayou_shore_b,
          minmay_lair_oklob_chamber, grunt_megastairs_1, uniq_urug
Lair:6:   evilmike_catoblepas_cave, layout_regular_city, ldierk_geyser,
          minmay_lair_oklob_bushes, uniq_nessos
Shoals:1: layout_shoals, nicolae_shoals_dead_sea_scrolls
Shoals:2: layout_shoals, serial_shops, shop, uniq_jorgrun
Shoals:3: layout_shoals
Shoals:4: shoals_end_grunt_ice, layout_shoals, shoals_ilsuiw_alternative
Snake:1:  layout_onion_interference, serial_shops, shop_statue,
          gammafunk_ghost_grave
Snake:2:  layout_rooms, serial_shops, shop, shop_statue,
          nicolae_shop_behind_doors, basic_altar, grunt_ministairs_11,
          serial_bayou_lagoon_b
Snake:3:  layout_honeycomb, st_stairs_9, serial_bayou_shore_a
Snake:4:  grunt_snake_rune_pools, layout_basic
Slime:1:  layout_caves
Slime:2:  layout_caves
Slime:3:  layout_caves
Slime:4:  layout_caves
Slime:5
Orc:1:    layout_diamond_mine, portal_ice_cave_rime, serial_shops,
          nicolae_shop_trees, nicolae_shop_trees, trog_hazing_becter
Orc:2:    st_orc_pillars, layout_caves, chequers_guarded_unrand_ignorance
Vaults:1: vaults_dpeg_ring, v_misc_18, hangedman_vaults_capsules,
          nicolae_vaults_big_ls, vaults_room_grunt_arrival_ludios,
          ontoclasm_vaults_loading_screen, v_alt_pattern_2, v_misc_2, v_misc_17,
          layout_vaults_quadrants, portal_desolation_entry_garden
Vaults:2: v_pattern_5, v_misc_15, minmay_crypt_entry_simple_walls, v_misc_16,
          vaults_dpeg_hooks, ontoclasm_vaults_loading_screen, serial_ice_h,
          nicolae_vaults_rhombus_5, layout_vaults_omnicross
Vaults:3: vaults_mumra_chevron_long, nicolae_vaults_back_hallway, st_star,
          nicolae_vaults_mini_display_case, ontoclasm_vaults_spin, v_misc_26,
          v_misc_12, vaults_dpeg_encased_lava, v_misc_28, vaults_mumra_hexcomb,
          layout_vaults_omnibox, serial_shops, shop, uniq_mara
Vaults:4: ebering_vaults_ghost_gozag, vaults_room_hallway, v_misc_30,
          st_squares, nicolae_vaults_border_crossing, nicolae_vaults_what_the_h,
          nicolae_vaults_circle_grid_a, hangedman_vaults_cutoff,
          layout_vaults_big_room, uniq_aizul
Vaults:5
Crypt:1:  layout_rooms, glass_columns_a, minmay_guarded_unrand_skullcrusher
Crypt:2:  layout_gridlike, grunt_ministairs_7, chequers_hall_statues_wall_a,
          minivault_24
Crypt:3:  cryptofortress_bobbens
Tomb:1
Tomb:2:   uniq_frederick
Tomb:3
Depths:1: layout_cross, enter_ziggurat_b, bh_walls_and_bars, hell_entry,
          grunt_ministairs_11, nicolae_island_escapes, serial_bayou_shore_b
Depths:2: kennysheep_cluttered_fort, layout_cave_pools, pf_dread_powers_of_hell,
          minmay_hidden_floor, serial_bayou_shore_b, infiniplex_staircase_pool_1
Depths:3: wad_pebble_path, layout_gridlike, chequers_serial_rivers_micro_a,
          hell_entry, pan_entry, gammafunk_ghost_cemetery,
          minmay_guarded_unrand_wrath_of_trog, firewood_loft
Depths:4: abrahamwl_protected_by_tso_2, layout_gridlike, abyss_entry,
          lightli_too_deep, hangedman_eye_storm, serial_bayou_shore_b
Depths:5: grunt_bruiser_brothers, layout_basic, pf_hell_entry_tar_river,
          minmay_misc_feat_cross, abyss_entry_flame_altar,
          grunt_decor_resistance, horrible_house_mu, uniq_sojobo
Hell
Dis:1:    layout_subdivisions
Dis:2:    layout_overlapping_boxes
Dis:3:    layout_gridville, door_vault
Dis:4:    layout_regular_city
Dis:5:    layout_gridville, nicolae_dis_hell_towers
Dis:6:    layout_subdivisions
Dis:7:    dis_hangedman
Geh:1:    layout_gehenna_pools_basic
Geh:2:    layout_gehenna_lava_caves
Geh:3:    layout_gehenna_pools_triple, special_room [special_room_morgue],
          nicolae_geh_sunburst, lemuel_flamethrower_2
Geh:4:    layout_gehenna_pools_triple, lemuel_hellion_isle
Geh:6:    layout_gehenna_lava_caves
Geh:7:    geh_mu
Coc:1:    grunt_deathspiral_small, layout_ice_bergs
Coc:2:    layout_ice_bergs
Coc:3:    layout_ice_bergs
Coc:4:    layout_cocytus_water_paths
Coc:5:    layout_ice_bergs
Coc:6:    layout_cocytus_water_paths
Coc:7:    coc_hangedman
Tar:1:    layout_honeycomb
Tar:2:    minmay_shadows, layout_grid_maze, lemuel_nasty_fountain
Tar:3:    layout_cathedral_of_symmetry
Tar:4:    layout_grid_maze, hangedman_mysterious_dungeon_monster_house
Tar:5:    layout_catacombs
Tar:6:    layout_catacombs
Tar:7:    tar_old
Zot:1:    layout_gridville
Zot:2:    layout_gridlike
Zot:3:    infiniplex_zot_generator, layout_basic
Zot:4:    layout_gridlike, st_single_dragon_hoard_1
Zot:5:    layout_twisted_circle

Skill      XL: |  1  2  3  4  5  6  7  8  9 10 11 12 13 14 15 16 17 18 19 20 21 22 23 24 25 26 27 |
---------------+----------------------------------------------------------------------------------+-----
Unarmed Combat | 3 4 5 6 8 9 10 12 14 15 17 18 19 20 21 22 23 24 25 27 | 27.0
Fighting       | 3 6 8 9 10 11 13 15 16 17 18 19 20 26 | 26.7
Armour         | 3 6 7 8 9 10 12 14 15 19 | 19.0
Translocations | 3 5 6 7 11 13 | 13.0
Evocations     | 2 4 5 7 10 14 | 14.9
Dodging        | 4 6 8 |  8.0
Spellcasting   | 4 5 7 10 | 10.0
Shields        | 8 10 12 14 15 16 17 18 19 20 22 | 22.0
Throwing       | 19 | 19.2
Charms         | |  2.6

Action                   |  1- 3 |  4- 6 |  7- 9 | 10-12 | 13-15 | 16-18 | 19-21 | 22-24 | 25-27 || total
-------------------------+-------+-------+-------+-------+-------+-------+-------+-------+-------++-------
Melee: Unarmed           |   158 |   303 |   432 |   834 |  1569 |  1933 |  2000 |  1454 |  5748 || 14431
       Punch             |       |     4 |     6 |    45 |    13 |       |       |       |       ||    68
Throw: Boomerang         |       |       |       |     6 |       |       |     4 |       |       ||    10
       Throwing net      |       |       |       |       |       |       |     2 |     1 |     3 ||     6
       Javelin           |       |       |       |       |       |       |       |       |   154 ||   154
 Cast: Animate Skeleton  |       |       |       |     1 |       |       |       |       |       ||     1
       Apportation       |       |       |       |       |    21 |     2 |       |       |    57 ||    80
       Passage of Golubr |       |       |       |       |       |       |       |       |    79 ||    79
       Song of Slaying   |       |       |       |       |       |       |       |       |     1 ||     1
Invok: Lunge             |       |     3 |    21 |    56 |    93 |   105 |    68 |    74 |   338 ||   758
       Whirlwind         |       |       |    30 |   300 |   738 |   490 |   710 |   440 |  1347 ||  4055
       Serpent's Lash    |       |       |       |    25 |    22 |    15 |    21 |    16 |    79 ||   178
       Heavenly Storm    |       |       |       |     1 |     3 |     2 |       |     2 |     1 ||     9
 Abil: Wall Jump         |       |       |    23 |   266 |   144 |    88 |     1 |       |   557 ||  1079
       Evoke Blink       |       |       |       |       |       |     1 |     1 |     3 |     3 ||     8
       Stop Flying       |       |       |       |       |       |       |       |     1 |     6 ||     7
       Evoke Flight      |       |       |       |       |       |       |       |       |     6 ||     6
Evoke: Wand              |       |       |     2 |    18 |    14 |    24 |     5 |     8 |    41 ||   112
       Tin of tremorston |       |       |       |       |     3 |     2 |     2 |     6 |    21 ||    34
       Box of beasts     |       |       |       |       |       |     1 |     1 |       |    17 ||    19
       Horn of Geryon    |       |       |       |       |       |       |       |       |     3 ||     3
  Use: Scroll            |       |     9 |    10 |    13 |     6 |     9 |    10 |    10 |    50 ||   117
       Potion            |       |       |     2 |     2 |       |     4 |     3 |     2 |    37 ||    50
 Stab: Paralysed         |       |       |       |       |     8 |     6 |    13 |       |     9 ||    36
       Sleeping          |       |       |       |       |       |       |     4 |       |    13 ||    17
       Distracted        |       |       |       |       |       |       |     2 |       |     3 ||     5
       Held in net/web   |       |       |       |       |       |       |       |     1 |     1 ||     2
       Invisible         |       |       |       |       |       |       |       |       |     2 ||     2
Armor: Leather armour    |     7 |       |       |       |       |       |       |       |       ||     7
       Chain mail        |   113 |   146 |   179 |   351 |    48 |     3 |   190 |   115 |       ||  1145
       Ring mail         |       |       |       |    11 |    55 |       |       |       |       ||    66
       Plate armour      |       |       |       |       |   152 |   325 |   106 |       |       ||   583
       Crystal plate arm |       |       |       |       |       |       |       |   112 |  1552 ||  1664
Dodge: Dodged            |    92 |    83 |   113 |   213 |   178 |   164 |   268 |   155 |   664 ||  1930
Block: Tower shield      |       |       |       |       |  1160 |  1769 |  1519 |   955 |  4705 || 10108

Table legend:
 A = Non-vault XP
 B = Vault XP
 C = Vault XP percentage of total XP
 D = Non-vault monster count
 E = Vault monster count
 F = Vault count percentage of total count
                 A         B        C        D         E       F
            +---------+---------+-------+---------+---------+-------
      Total |  986966 | 1274162 |  56.4 |    1835 |    1202 |  39.6
            +---------+---------+-------+---------+---------+-------
        D:1 |      45 |       0 |   0.0 |      27 |       0 |   0.0
        D:2 |      69 |       0 |   0.0 |      22 |       0 |   0.0
        D:3 |      48 |       3 |   5.9 |      18 |       3 |  14.3
        D:4 |     356 |     223 |  38.5 |      12 |       2 |  14.3
        D:5 |     309 |     177 |  36.4 |      13 |      32 |  71.1
        D:6 |     616 |      90 |  12.7 |      13 |       1 |   7.1
        D:7 |    1170 |    1026 |  46.7 |      23 |       3 |  11.5
        D:8 |    1443 |       0 |   0.0 |      41 |       0 |   0.0
        D:9 |    2513 |    1329 |  34.6 |      29 |      28 |  49.1
       D:10 |    1614 |       0 |   0.0 |      24 |       0 |   0.0
       D:11 |    4415 |       0 |   0.0 |      36 |       0 |   0.0
       D:12 |    4623 |     403 |   8.0 |      31 |       5 |  13.9
       D:13 |    7142 |    1682 |  19.1 |      30 |       3 |   9.1
       D:14 |    1864 |       0 |   0.0 |      17 |       0 |   0.0
       D:15 |    6654 |    3818 |  36.5 |      16 |       8 |  33.3
     Lair:1 |    1239 |     661 |  34.8 |       7 |       3 |  30.0
     Lair:2 |     389 |       0 |   0.0 |       1 |       0 |   0.0
     Lair:3 |    3284 |     679 |  17.1 |      15 |       3 |  16.7
     Lair:4 |    5413 |     624 |  10.3 |      32 |       4 |  11.1
     Lair:5 |    8681 |     899 |   9.4 |      33 |       9 |  21.4
     Lair:6 |   14545 |   11653 |  44.5 |      48 |      24 |  33.3
   Shoals:1 |   11473 |       0 |   0.0 |      25 |       0 |   0.0
   Shoals:2 |   11237 |    2199 |  16.4 |      26 |       1 |   3.7
   Shoals:3 |   14950 |       0 |   0.0 |      25 |       0 |   0.0
   Shoals:4 |   12842 |   25511 |  66.5 |      28 |      32 |  53.3
    Snake:1 |   16721 |       0 |   0.0 |      35 |       0 |   0.0
    Snake:2 |    8517 |    2133 |  20.0 |      18 |       2 |  10.0
    Snake:3 |   17252 |    1432 |   7.7 |      29 |       3 |   9.4
    Snake:4 |   24948 |   39687 |  61.4 |      52 |      60 |  53.6
    Slime:1 |   13806 |       0 |   0.0 |      28 |       0 |   0.0
    Slime:2 |   17120 |       0 |   0.0 |      32 |       0 |   0.0
    Slime:3 |   21076 |       0 |   0.0 |      38 |       0 |   0.0
    Slime:4 |   10393 |    4141 |  28.5 |      11 |       2 |  15.4
    Slime:5 |    4975 |   24378 |  83.1 |      13 |      11 |  45.8
      Orc:1 |    2631 |    1261 |  32.4 |      36 |      12 |  25.0
      Orc:2 |    5190 |   11564 |  69.0 |      37 |      64 |  63.4
   Vaults:1 |    1396 |    3749 |  72.9 |       2 |       6 |  75.0
   Vaults:2 |   14021 |    9217 |  39.7 |      25 |      15 |  37.5
   Vaults:3 |   21338 |   25008 |  54.0 |      36 |      21 |  36.8
   Vaults:4 |   18792 |   24955 |  57.0 |      36 |      25 |  41.0
   Vaults:5 |   25267 |  126853 |  83.4 |      31 |      92 |  74.8
    Crypt:1 |    2963 |     393 |  11.7 |       3 |       2 |  40.0
    Crypt:2 |       0 |     223 | 100.0 |       0 |       1 | 100.0
    Crypt:3 |       0 |   53370 | 100.0 |       0 |      54 | 100.0
     Tomb:1 |    8491 |   39797 |  82.4 |      26 |      28 |  51.9
     Tomb:2 |    1159 |   16747 |  93.5 |       6 |      16 |  72.7
     Tomb:3 |   14652 |   93462 |  86.4 |      25 |      59 |  70.2
   Depths:1 |   20917 |    2370 |  10.2 |      15 |       2 |  11.8
   Depths:2 |   14557 |       0 |   0.0 |      20 |       0 |   0.0
   Depths:3 |   32080 |     863 |   2.6 |      38 |       1 |   2.6
   Depths:4 |    4635 |       0 |   0.0 |       3 |       0 |   0.0
   Depths:5 |    2121 |   19245 |  90.1 |       2 |      15 |  88.2
       Hell |   15394 |   30982 |  66.8 |      29 |      44 |  60.3
      Dis:1 |    1498 |       0 |   0.0 |       6 |       0 |   0.0
      Dis:2 |    3204 |       0 |   0.0 |       9 |       0 |   0.0
      Dis:4 |    6345 |       0 |   0.0 |      12 |       0 |   0.0
      Dis:5 |    2575 |       0 |   0.0 |       7 |       0 |   0.0
      Dis:6 |   18675 |       0 |   0.0 |      31 |       0 |   0.0
      Dis:7 |    4338 |   75951 |  94.6 |       8 |      50 |  86.2
      Geh:1 |    6391 |       0 |   0.0 |      27 |       0 |   0.0
      Geh:2 |    3261 |       0 |   0.0 |       1 |       0 |   0.0
      Geh:3 |     422 |       0 |   0.0 |       2 |       0 |   0.0
      Geh:4 |   14506 |       0 |   0.0 |      27 |       0 |   0.0
      Geh:6 |    2480 |       0 |   0.0 |       6 |       0 |   0.0
      Geh:7 |   12156 |   21908 |  64.3 |      14 |       5 |  26.3
      Coc:1 |      57 |       0 |   0.0 |       1 |       0 |   0.0
      Coc:2 |    4196 |       0 |   0.0 |       8 |       0 |   0.0
      Coc:4 |    1392 |       0 |   0.0 |       5 |       0 |   0.0
      Coc:5 |    1739 |       0 |   0.0 |       4 |       0 |   0.0
      Coc:7 |   19084 |   11809 |  38.2 |      15 |      18 |  54.5
      Tar:1 |    7646 |       0 |   0.0 |       7 |       0 |   0.0
      Tar:2 |     125 |       0 |   0.0 |       1 |       0 |   0.0
      Tar:3 |    4423 |       0 |   0.0 |       8 |       0 |   0.0
      Tar:4 |       0 |     644 | 100.0 |       0 |       1 | 100.0
      Tar:5 |   10983 |    2128 |  16.2 |      13 |       2 |  13.3
      Tar:6 |   16349 |       0 |   0.0 |      30 |       0 |   0.0
      Tar:7 |   53578 |   48712 |  47.6 |      61 |      23 |  27.4
      Zot:1 |    2880 |       0 |   0.0 |       1 |       0 |   0.0
      Zot:2 |   26573 |       0 |   0.0 |      15 |       0 |   0.0
      Zot:3 |   32795 |       0 |   0.0 |      18 |       0 |   0.0
      Zot:4 |     512 |       0 |   0.0 |       1 |       0 |   0.0
      Zot:5 |   58103 |  180887 |  75.7 |      37 |      39 |  51.3
    Abyss:1 |    1102 |       0 |   0.0 |       6 |       0 |   0.0
    Abyss:2 |    1555 |       0 |   0.0 |       7 |       0 |   0.0
    Abyss:3 |    1003 |   17284 |  94.5 |       4 |      16 |  80.0
        Pan |  150371 |  269932 |  64.2 |     174 |     179 |  50.7
      Zig:1 |    3963 |       0 |   0.0 |       1 |       0 |   0.0
      Zig:2 |    1633 |       0 |   0.0 |       2 |       0 |   0.0
      Zig:3 |    7244 |       0 |   0.0 |       4 |       0 |   0.0
      Zig:4 |    7517 |       0 |   0.0 |       9 |       0 |   0.0
      Zig:5 |    8706 |       0 |   0.0 |       4 |       0 |   0.0
      Zig:6 |    8523 |       0 |   0.0 |       6 |       0 |   0.0
      Zig:7 |    9721 |       0 |   0.0 |       9 |       0 |   0.0
      Zig:8 |    9704 |       0 |   0.0 |      15 |       0 |   0.0
      Zig:9 |    2292 |       0 |   0.0 |       1 |       0 |   0.0
      Sewer |       0 |     257 | 100.0 |       0 |      28 | 100.0
      IceCv |       0 |   13000 | 100.0 |       0 |      49 | 100.0
 Desolation |       0 |   48843 | 100.0 |       0 |      96 | 100.0
            +---------+---------+-------+---------+---------+-------
